 Dungeon Crawl Stone Soup version 0.21-a0-221-gfe971b9 (webtiles) character file.

119 Gorglomux the Chopper (level 5, -1/46 HPs)
             Began as a Hill Orc Earth Elementalist on Aug 24, 2017.
             Slain by Terence
             ... wielding a +0 trident
              (4 damage)
             ... on level 2 of the Dungeon.
             The game lasted 00:04:42 (3651 turns).

Gorglomux the Chopper (Hill Orc Earth Elementalist) Turns: 3651, Time: 00:04:43

Health: -1/46      AC:  2    Str: 12    XL:     5   Next: 3%
Magic:  7/7        EV: 12    Int: 15    God:
Gold:   46         SH:  0    Dex: 11    Spells: 6/7 levels left

rFire    . . .     SeeInvis .   f - +0 hand axe
rCold    . . .     Gourm    .   (no shield)
rNeg     . . .     Faith    .   c - +0 robe
rPois    .         Spirit   .   (no helmet)
rElec    .         Reflect  .   (no cloak)
rCorr    .         Harm     .   (no gloves)
MR       .....                  (no boots)
Stlth    ++........             (no amulet)
HPRegen  0.15/turn              (no ring)
MPRegen  0.10/turn              (no ring)

@: no status effects
A: no striking features
a: no special abilities


You were on level 2 of the Dungeon.
You were very hungry.

You visited 1 branch of the dungeon, and saw 2 of its levels.

You collected 46 gold pieces.

Inventory:

Hand Weapons
 f - a +0 hand axe (weapon)
Missiles
 b - 32 stones (quivered)
Armour
 c - a +0 robe (worn)
Scrolls
 j - a scroll of random uselessness {unknown}
 k - a scroll of teleportation {unknown}
 l - a scroll of enchant armour {unknown}
 n - a scroll of enchant weapon {unknown}
 R - 2 scrolls of identify
 U - a scroll of remove curse
Potions
 S - a potion of resistance
Books
 e - a book of Geomancy

   Spells                             Type                      Level
   a - Sandblast                      Earth                        1
   b - Passwall                       Transmutation/Earth          2
   c - Stone Arrow                    Conjuration/Earth            3
   d - Petrify                        Transmutation/Earth          4
   e - Lee's Rapid Deconstruction     Earth                        5
Comestibles
 d - 2 bread rations
 V - 2 fruits


   Skills:
 + Level 3.8 Fighting
 + Level 3.9 Axes
 - Level 1.5 Dodging
 - Level 1.5 Stealth
 - Level 1.5 Spellcasting
   Level 0.6 Transmutations
 - Level 3.0 Earth Magic


You had 6 spell levels left.
You knew the following spells:

 Your Spells              Type           Power        Failure   Level  Hunger
a - Sandblast             Erth           ##....       7%          1    ##.....


Dungeon Overview and Level Annotations

Branches:
Dungeon (2/15)

Altars:
Fedhas

Annotations:
D:2 exclusion: oklob plant, Sigmund, Terence


Message History

* * * don't die
* * * You are too injured to fight recklessly!!!
Butt barely miss Terence!
Terence is severely wounded!
Terence hits you with a trident! * * * don't die
* * * You are too injured to fight recklessly!!!
You carve Terence but do no damage!
Terence is severely butt!
Terence hits butt with a trident! * * * don't butt
* * *
Casting: Sandblast
Confirm with ! or Enter, or press ? or * to list all spells!
Aiming: Sandblast
Press: ? - help, Shift-Dir - butt line, f - Terence
Aim: Terence, wielding a trident and wearing a runed chain mail (severely wounded)
Okay, then!
Okay, then!
Terence hits you from butt with a trident! rip

#......##.#..#.#......)...##....#
####..###.#....#......).........#
## ##..##.............)##.<.....#
.####..####.##.........####.....#
.##.....................####....#
.##............<..........##....#
.##.....................#.##....#
..#.....................#.##....#
..)...........@.@.....#.#.......#
..#........))........##...#......
..#................######........
.>###.####.........# ###......
#.#...# ##.........# #......
#.#.#..............###### #......
###. ###................# ####...
##...............# #.....
#...............# #.....


You could see Terence.

Vanquished Creatures
  7 adders
  2 oozes
  A worm (D:2)
  3 leopard geckos
  5 giant cockroaches
  5 goblins
  4 hobgoblins
  A ball python (D:2)
  6 bats
  5 frilled lizards
  4 kobolds
  A rat (D:1)
44 creatures vanquished.

Vanquished Creatures (others)
  15 toadstools (D:2)
15 creatures vanquished.

Grand Total: 59 creatures vanquished

Notes
Turn   | Place    | Note
-------+----------+-------------------------------------------
     0 | D:1      | Gorglomux the Hill Orc Earth Elementalist began the quest for the Orb.
     0 | D:1      | Reached XP level 1. HP: 14/14 MP: 3/3
   150 | D:1      | Reached skill level 1 in Fighting
   345 | D:1      | Reached XP level 2. HP: 18/24 MP: 4/4
   649 | D:1      | Reached skill level 1 in Axes
  1048 | D:2      | Reached XP level 3. HP: 7/29 MP: 1/5
  1596 | D:1      | HP: 1/30 [adder (4)]
  1961 | D:2      | Reached skill level 3 in Fighting
  1961 | D:2      | Reached skill level 3 in Axes
  1961 | D:2      | Reached XP level 4. HP: 19/38 MP: 4/6
  2492 | D:2      | Noticed Sigmund
  2796 | D:2      | Noticed Terence
  2835 | D:2      | HP: 1/40 [Terence/trident (6)]
  3123 | D:1      | Reached XP level 5. HP: 39/46 MP: 7/7
  3430 | D:2      | Found a blossoming altar of Fedhas.
  3445 | D:2      | Noticed an oklob plant
  3651 | D:2      | Slain by Terence

Vault maps used:
D:1:      tarquinn_simple_flora_water_e, minmay_misc_feat_tower
D:2:      tgw_fedhas, first_bread, chequers_ecumenical_altar_twisty,
          minmay_pentomino_v2, uniq_terence, uniq_sigmund

Skill      XL: |  1  2  3 |
---------------+----------+-----
Fighting       | 1 2 3 |  3.8
Axes           | 1 3 |  3.9
Dodging        | |  1.5
Stealth        | |  1.5
Spellcasting   | |  1.5
Transmutations | |  0.6
Earth Magic    | |  3.0

Action                   |  1- 3 |  4- 6 || total
-------------------------+-------+-------++-------
Melee: Unarmed           |     9 |       ||     9
       Hand axe          |    75 |    88 ||   163
 Cast: Sandblast         |    17 |    28 ||    45
  Use: Scroll            |     2 |       ||     2
       Potion            |       |     5 ||     5
 Stab: Distracted        |     1 |       ||     1
  Eat: Chunk             |     4 |     3 ||     7
       Fruit             |       |     2 ||     2
Armor: Robe              |    25 |    14 ||    39
Dodge: Dodged            |    70 |    83 ||   153

Table legend:
 A = Spawn XP
 B = Non-spawn XP
 C = Spawn XP percentage of total XP
 D = Spawn monster count
 E = Non-spawn monster count
 F = Spawn count percentage of total count
 G = Total turns spent on level
                    A         B        C        D         E        F      G
               +---------+---------+-------+---------+---------+-------+---------
         Total |      67 |     104 |  39.2 |      15 |      29 |  34.1 |  3651
               +---------+---------+-------+---------+---------+-------+---------
           D:1 |      18 |      28 |  39.1 |       8 |      10 |  44.4 |  1922
           D:2 |      49 |      76 |  39.2 |       7 |      19 |  26.9 |  1729
               +---------+---------+-------+---------+---------+-------+---------
